 Dungeon Crawl Stone Soup version 0.28-a0-563-gf77a47075d (webtiles) character file.

Game seed: 4754817340008185790

132 pokedragonboy the Skirmisher (level 5, -3/42 HPs)
             Began as a Formicid Fighter on Sept 30, 2021.
             Slain by Pikel (6 damage)
             ... on level 4 of the Dungeon.
             The game lasted 00:03:48 (3164 turns).

pokedragonboy the Skirmisher (Formicid Fighter)     Turns: 3164, Time: 00:03:49

Health: -3/42      AC:  9    Str: 21    XL:     5   Next: 38%
Magic:  5/5        EV:  7    Int:  8    God:
Gold:   99         SH:  4    Dex: 10    Spells: 4/4 levels left

rFire   . . .      SeeInvis +   a - +0 war axe
rCold   . . .      Faith    .   c - +0 buckler
rNeg    . . .      Spirit   .   i - +0 chain mail
rPois   .          Reflect  .   (helmet unavailable)
rElec   .          Harm     .   (no cloak)
rCorr   .          Rampage  .   (no gloves)
Will    .....                   (no boots)
Stlth   ..........              (no amulet)
HPRegen 0.14/turn               (no ring)
MPRegen 0.09/turn               (no ring)

@: no status effects
A: permanent stasis, dig shafts and tunnels, antennae 3, four strong arms
a: Dig, Shaft Self


You were on level 4 of the Dungeon.
You visited 1 branch of the dungeon, and saw 4 of its levels.

You collected 99 gold pieces.

Inventory:

Hand Weapons
 a - a +0 war axe (weapon)
Armour
 c - a +0 buckler (worn)
 i - a +0 chain mail (worn)
Wands
 q - a wand of digging (3)
 r - a wand of acid (6)
Scrolls
 b - a scroll of vulnerability {unknown}
 e - a scroll of immolation
 f - a scroll of enchant armour {unknown}
 g - a scroll of acquirement {unknown}
 h - a scroll of noise {unknown}
 m - a scroll of teleportation {unknown}
 o - 2 scrolls of fog {unknown}
 p - a scroll of identify
Potions
 d - a potion of might
 j - a potion of curing {unknown}
 k - a potion of brilliance {unknown}
 l - a potion of resistance {unknown}
 n - a potion of mutation {unknown}


   Skills:
 + Level 4.1 Fighting
 * Level 3.7 Axes
 + Level 4.1 Armour
 - Level 4.0 Shields


You had 4 spell levels left.
You didn't know any spells.
Your spell library was empty.

Dungeon Overview and Level Annotations

Branches:
Dungeon (4/15)
 Temple: D:4-7

Altars:
Nemelex Xobeh
Vehumet

Annotations:
D:4 Pikel


Innate Abilities, Weirdness & Mutations

You cannot be hasted, slowed, berserked, paralysed or teleported.
You can dig through walls and to a lower floor.
You have a pair of large antennae on your head. (SInv)
Your four strong arms can wield two-handed weapons with a shield.


Message History

Pikel is lightly wounded.
Pikel closely misses you. Pikel hits you but does no damage.
You closely miss Pikel.
Pikel is lightly wounded.
Pikel closely misses you.
You hit Pikel.
Pikel is lightly wounded.
Pikel hits you with a +1 whip of freezing.
Pikel freezes you.
Your chain mail prevents you from hitting Pikel.
Pikel is lightly wounded.
Pikel barely misses you.
Pikel hits you with a +1 whip of freezing.
Pikel freezes you.
You closely miss Pikel.
Pikel is lightly wounded.
You block Pikel's attack.
You barely miss Pikel.
Pikel is lightly wounded.
Pikel hits you with a +1 whip of freezing.
Pikel freezes you.
Aiming: Corrosive Bolt
Press: ? - help, Shift-Dir - straight line, f - Pikel
Aim: Pikel, wielding a +1 whip of freezing and wearing a +0 robe (lightly wounded, 64% to hit)
The bolt of acid misses Pikel.
Pikel hits you but does no damage.
Aiming: Corrosive Bolt
Press: ? - help, Shift-Dir - straight line, f/p - Pikel
Aim: Pikel, wielding a +1 whip of freezing and wearing a +0 robe (lightly wounded, 64% to hit)
The bolt of acid hits Pikel!
Pikel is moderately wounded.
Pikel hits you with a +1 whip of freezing.
Pikel freezes you.
You barely miss Pikel.
Pikel is moderately wounded.
Pikel hits you with a +1 whip of freezing!
* * * LOW HITPOINT WARNING * * *
Pikel freezes you.
* * * LOW HITPOINT WARNING * * *
Pikel hits you with a +1 whip of freezing.
You die...

#.## ##.## ######### #..#
........#### ##.####
...........# #....###
..........{# ######.#....#
..........# #...##.######
..5......########.>....###
..5..{{{{#.#{#5#@........###
..5K{{..#.#.#{#K#..........##
......{.#########...........#
.......{..#### #....<.......#
......#.{....###...^........##
.....####....................#
##### ###...........†).....#
####...............#
###.............#


You could see Pikel.

Vanquished Creatures
  Jessica (D:2)
  Ijyb (D:4)
  An adder (D:3)
  2 dart slugs
  6 orcs (D:3)
  5 endoplasms
  A giant cockroach (D:3)
  3 goblins
  4 hobgoblins
  4 jackals
  6 kobolds
  2 quokkas
  11 ball pythons
  3 bats
  2 frilled lizards (D:1)
  8 rats
60 creatures vanquished.

Notes
Turn   | Place    | Note
-------+----------+-------------------------------------------
     0 | D:1      | pokedragonboy the Formicid Fighter began the quest for the
                  | Orb.
     0 | D:1      | Reached XP level 1. HP: 18/18 MP: 1/1
   115 | D:1      | Reached XP level 2. HP: 20/24 MP: 2/2
   421 | D:1      | Reached XP level 3. HP: 25/29 MP: 3/3
  1424 | D:2      | Noticed Jessica
  1429 | D:2      | Killed Jessica
  1430 | D:2      | Reached XP level 4. HP: 31/37 MP: 4/4
  1578 | D:2      | Found a faded altar of an unknown god.
  1920 | D:3      | Found a sparkling altar of Nemelex Xobeh.
  1922 | D:3      | Found a radiant altar of Vehumet.
  2466 | D:3      | Reached XP level 5. HP: 25/42 MP: 5/5
  2967 | D:4      | Noticed Ijyb
  2993 | D:4      | Killed Ijyb
  3135 | D:4      | Noticed a lemure
  3135 | D:4      | Noticed a lemure
  3136 | D:4      | Noticed Pikel
  3136 | D:4      | Noticed a lemure
  3137 | D:4      | Noticed a lemure
  3164 | D:4      | Slain by Pikel

Illustrated notes

Levels and vault maps discovered:
D:1:      dpeg_arrival_orchard, layout_basic, kennysheep_crisscross,
          minmay_hexomino_c4
D:2:      layout_rooms, ebering_ecumenical_altar_hall, grunt_ministairs_11,
          uniq_jessica
D:3:      layout_loops_corners, mainiacjoe_overflow_catwalk_spiral,
          serial_park_tiny_pond
D:4:      layout_cave_pods, tso_altar, kennysheep_ying_yang, minmay_unequal,
          uniq_duvessa, uniq_ijyb, uniq_sigmund, uniq_pikel

Skill      XL: |  1  2  3  4 |
---------------+-------------+-----
Shields        | 4 |  4.0
Axes           | 3 |  3.7
Fighting       | 4 |  4.1
Armour         | 4 |  4.1

Action                   |  1- 3 |  4- 6 || total
-------------------------+-------+-------++-------
Melee: War axe           |    61 |   117 ||   178
 Abil: Dig               |       |     1 ||     1
Evoke: Wand              |       |     2 ||     2
  Use: Scroll            |       |     3 ||     3
Armor: Scale mail        |    31 |    11 ||    42
       Chain mail        |       |    39 ||    39
Dodge: Dodged            |    41 |    45 ||    86
Block: Buckler           |    13 |    27 ||    40

Table legend: (Time is in decaauts)
 A = Elapsed time spent in this place.
 B = Non-inter-level travel time spent in this place.
 C = Inter-level travel time spent in this place.
 D = Time resting spent in this place.
 E = Time spent auto-exploring this place.
 F = Levels seen in this place.
 G = Mean time per level.
                   A        B        C        D        E       F      G
               +--------+--------+--------+--------+--------+-----+--------+
         Total |   3225 |   3173 |     52 |    239 |   2460 |   4 |  806.2 |
       Dungeon |   3225 |   3173 |     52 |    239 |   2460 |   4 |  806.2 |
               +--------+--------+--------+--------+--------+-----+--------+

Top non-repeatable levels by time:
     D:1: 1209 daAuts
     D:3: 1167 daAuts
     D:2: 639 daAuts
     D:4: 210 daAuts
